| TOP OF THE 1ST |
|
Spartanburg Spartans batting - Pitching for Gastonia Rockets : RHP Rod Boxberger
|
|
Pitching: RHP Rod Boxberger
|
|
|
Batting: SHB Michael Vanderburg
|
0-0: Foul Ball, location: 2F 0-1: Called Strike 0-2: Ball 1-2: Ground out 4-3 (Groundball, 4, EV 85.0 MPH)
|
|
Batting: RHB Van Sowards
|
0-0: Called Strike 0-1: Ball 1-1: Ball 2-1: Called Strike 2-2: Ball 3-2: Ground out 5-3 (Groundball, 5L, EV 83.1 MPH)
|
|
Batting: LHB John Hennell
|
0-0: Called Strike 0-1: Called Strike 0-2: Strikes out looking
|
| Top of the 1st over - 0 runs, 0 hits, 0 errors, 0 left on base; Spartanburg 0 - Gastonia 0 |
| BOTTOM OF THE 1ST |
|
Gastonia Rockets batting - Pitching for Spartanburg Spartans : LHP Chuck Cary
|
|
Pitching: LHP Chuck Cary
|
|
|
Batting: RHB Jackie Wright
|
0-0: Ball 1-0: Ball 2-0: Ball 3-0: Base on Balls
|
|
Batting: RHB James Crawford
|
0-0: Called Strike 0-1: Ball 1-1: Ball 2-1: Foul Ball, location: 2F 2-2: Foul Ball, location: 2F 2-2: Ball 3-2: Base on Balls Jackie Wright to second
|
|
Batting: RHB john W Russell
|
0-0: Ball Wild Pitch! Jackie Wright to third James Crawford to second 1-0: Swinging Strike 1-1: Foul Ball, location: 2F 1-2: Ball 2-2: Foul Ball, location: 2F 2-2: Fly out, F6 (Popup, 6M, EV 55.0 MPH)
|
|
Batting: RHB Mark Davidson
|
0-0: Ball 1-0: Called Strike 1-1: Ball 2-1: Ball 3-1: Base on Balls
|
|
Batting: RHB Gary Skow
|
0-0: Ball 1-0: Ball 2-0: Ball 3-0: Base on Balls Jackie Wright scores James Crawford to third Mark Davidson to second
|
|
Batting: LHB Dale Holman
|
0-0: Grounds into double play, 4-6-3 (Groundball, 4S, EV 76.3 MPH)
|
| Bottom of the 1st over - 1 run, 0 hits, 0 errors, 2 left on base; Spartanburg 0 - Gastonia 1 |
| TOP OF THE 2ND |
|
Spartanburg Spartans batting - Pitching for Gastonia Rockets : RHP Rod Boxberger
|
|
Batting: RHB Gib Seibert
|
0-0: Foul Ball, location: 2F 0-1: Fly out, F8 (Line Drive, 8LD, EV 86.9 MPH)
|
|
Batting: RHB Dan Boever
|
0-0: Ball 1-0: Ball 2-0: Called Strike 2-1: Foul Ball, location: 2F 2-2: Ball 3-2: Base on Balls
|
|
Batting: RHB Inocencio Guerrero
|
0-0: Ball 1-0: Foul Ball, location: 2F 1-1: Swinging Strike 1-2: Foul Ball, location: 2F 1-2: Strikes out swinging
|
|
Batting: LHB Albert Ortiz
|
0-0: Ball 1-0: Called Strike 1-1: Foul Ball, location: 2F 1-2: SINGLE (Groundball, 56S, EV 66.3 MPH) (infield hit) Dan Boever to second
|
|
Batting: RHB Rigo Rodriguez
|
0-0: Called Strike 0-1: Foul Ball, location: 2F 0-2: Ball 1-2: Foul Ball, location: 2F 1-2: Strikes out swinging
|
| Top of the 2nd over - 0 runs, 1 hit, 0 errors, 2 left on base; Spartanburg 0 - Gastonia 1 |
| BOTTOM OF THE 2ND |
|
Gastonia Rockets batting - Pitching for Spartanburg Spartans : LHP Chuck Cary
|
|
Batting: RHB Pat Dumouchelle
|
0-0: Called Strike 0-1: Called Strike 0-2: Strikes out looking and he ARGUES THE CALL AND IS TOSSED!
|
|
Batting: RHB Jorge Monroig
|
0-0: Called Strike 0-1: Ball 1-1: Called Strike 1-2: SINGLE (Flyball, 56D, EV 93.8 MPH)
|
|
Batting: RHB Donald Murelli
|
0-0: Grounds into double play, 4-6-3 (Groundball, 4, EV 78.8 MPH)
|
| Bottom of the 2nd over - 0 runs, 1 hit, 0 errors, 0 left on base; Spartanburg 0 - Gastonia 1 |
| TOP OF THE 3RD |
|
Spartanburg Spartans batting - Pitching for Gastonia Rockets : RHP Rod Boxberger
|
|
Batting: RHB Ron Dillard
|
0-0: Foul Ball, location: 2F 0-1: Ball 1-1: Ball 2-1: Foul Ball, location: 2F 2-2: Ground out 4-3 (Groundball, 4, EV 103.8 MPH)
|
|
Batting: SHB Michael Vanderburg
|
0-0: Called Strike 0-1: Ball 1-1: Foul Ball, location: 2F 1-2: Strikes out swinging, 2-3 out at first.
|
|
Batting: RHB Van Sowards
|
0-0: Ball 1-0: Foul Ball, location: 2F 1-1: Fly out, F7 (Flyball, 7, EV 90.0 MPH)
|
| Top of the 3rd over - 0 runs, 0 hits, 0 errors, 0 left on base; Spartanburg 0 - Gastonia 1 |
| BOTTOM OF THE 3RD |
|
Gastonia Rockets batting - Pitching for Spartanburg Spartans : LHP Chuck Cary
|
|
Batting: RHB Jackie Wright
|
0-0: Ball 1-0: Fly out, F9 (Flyball, 9LM, EV 93.8 MPH)
|
|
Batting: RHB James Crawford
|
0-0: Ball 1-0: Ball 2-0: Called Strike 2-1: Fly out, F8 (Flyball, 89M, EV 88.8 MPH)
|
|
Batting: RHB john W Russell
|
0-0: Called Strike 0-1: Fly out, F2 (Popup, 13S, EV 89.4 MPH)
|
| Bottom of the 3rd over - 0 runs, 0 hits, 0 errors, 0 left on base; Spartanburg 0 - Gastonia 1 |
| TOP OF THE 4TH |
|
Spartanburg Spartans batting - Pitching for Gastonia Rockets : RHP Rod Boxberger
|
|
Batting: LHB John Hennell
|
0-0: Swinging Strike 0-1: Called Strike 0-2: Fly out, F8 (Flyball, 8LM, EV 95.0 MPH)
|
|
Batting: RHB Gib Seibert
|
0-0: SINGLE (Line Drive, 4M, EV 98.1 MPH)
|
|
Batting: RHB Dan Boever
|
0-0: Ball 1-0: Foul Ball, location: 2F 1-1: DOUBLE (Line Drive, 89XD, EV 101.3 MPH) Gib Seibert to third Runner from 3rd tries for Home, SAFE, throw by RF to trailing runner, OUT at third! 9-3-5
|
|
Batting: RHB Inocencio Guerrero
|
0-0: Ground out 4-3 (Groundball, 4D, EV 103.8 MPH)
|
| Top of the 4th over - 1 run, 2 hits, 0 errors, 0 left on base; Spartanburg 1 - Gastonia 1 |
| BOTTOM OF THE 4TH |
|
Gastonia Rockets batting - Pitching for Spartanburg Spartans : LHP Chuck Cary
|
|
Batting: RHB Mark Davidson
|
0-0: Ball 1-0: Called Strike 1-1: Foul Ball, location: 2F 1-2: Strikes out swinging
|
|
Batting: RHB Gary Skow
|
0-0: Called Strike 0-1: Called Strike 0-2: Ball 1-2: Strikes out looking
|
|
Batting: LHB Dale Holman
|
0-0: Ball 1-0: Ground out 1-3 (Groundball, 13S, EV 71.9 MPH)
|
| Bottom of the 4th over - 0 runs, 0 hits, 0 errors, 0 left on base; Spartanburg 1 - Gastonia 1 |
| TOP OF THE 5TH |
|
Spartanburg Spartans batting - Pitching for Gastonia Rockets : RHP Rod Boxberger
|
|
Batting: LHB Albert Ortiz
|
0-0: Ground out 4-3 (Groundball, 4, EV 91.3 MPH)
|
|
Batting: RHB Rigo Rodriguez
|
0-0: Foul Ball, location: 2F 0-1: Foul Ball, location: 2F 0-2: Foul Ball, location: 2F 0-2: Ball 1-2: Ball 2-2: Strikes out swinging
|
|
Batting: RHB Ron Dillard
|
0-0: Swinging Strike 0-1: Ground out 3-1 (Groundball, 34, EV 90.0 MPH)
|
| Top of the 5th over - 0 runs, 0 hits, 0 errors, 0 left on base; Spartanburg 1 - Gastonia 1 |
| BOTTOM OF THE 5TH |
|
Gastonia Rockets batting - Pitching for Spartanburg Spartans : LHP Chuck Cary
|
|
Batting: RHB Lance Viola
|
0-0: Called Strike 0-1: Ground out 6-3 (Groundball, 6, EV 101.9 MPH)
|
|
Batting: RHB Jorge Monroig
|
0-0: Foul Ball, location: 2F 0-1: Ball 1-1: Swinging Strike 1-2: Strikes out swinging
|
|
Batting: RHB Donald Murelli
|
0-0: Ground out 5-3 (Groundball, 56, EV 82.5 MPH)
|
| Bottom of the 5th over - 0 runs, 0 hits, 0 errors, 0 left on base; Spartanburg 1 - Gastonia 1 |
| TOP OF THE 6TH |
|
Spartanburg Spartans batting - Pitching for Gastonia Rockets : RHP Rod Boxberger
|
|
Batting: SHB Michael Vanderburg
|
0-0: Ball 1-0: Foul Ball, location: 2F 1-1: Ball 2-1: Foul Ball, location: 2F 2-2: Ball 3-2: Ground out 6-3 (Groundball, 6D, EV 96.3 MPH)
|
|
Batting: RHB Van Sowards
|
0-0: Called Strike 0-1: Ball 1-1: Foul Ball, location: 2F 1-2: Foul Ball, location: 2F 1-2: Strikes out swinging
|
|
Batting: LHB John Hennell
|
0-0: Foul Ball, location: 2F 0-1: Ball 1-1: Foul Ball, location: 2F 1-2: SINGLE (Groundball, 4MD, EV 95.6 MPH)
|
|
Batting: RHB Gib Seibert
|
0-0: Ball 1-0: Swinging Strike 1-1: Ball 2-1: Called Strike 2-2: Foul Ball, location: 2F 2-2: Ball 3-2: Foul Ball, location: 2F 3-2: Strikes out looking
|
| Top of the 6th over - 0 runs, 1 hit, 0 errors, 1 left on base; Spartanburg 1 - Gastonia 1 |
| BOTTOM OF THE 6TH |
|
Gastonia Rockets batting - Pitching for Spartanburg Spartans : LHP Chuck Cary
|
|
Batting: RHB Jackie Wright
|
0-0: Foul Ball, location: 2F 0-1: Fly out, F8 (Flyball, 8RS, EV 83.8 MPH)
|
|
Batting: RHB James Crawford
|
0-0: SINGLE (Flyball, 9LM, EV 92.5 MPH)
|
|
Batting: RHB john W Russell
|
0-0: Called Strike 0-1: Grounds into double play, 4-6-3 (Groundball, 4, EV 101.3 MPH)
|
| Bottom of the 6th over - 0 runs, 1 hit, 0 errors, 0 left on base; Spartanburg 1 - Gastonia 1 |
| TOP OF THE 7TH |
|
Spartanburg Spartans batting - Pitching for Gastonia Rockets : RHP Rod Boxberger
|
|
Batting: RHB Dan Boever
|
0-0: Ball 1-0: Ball 2-0: Called Strike 2-1: Ground out 3-1 (Groundball, 34, EV 105.0 MPH)
|
|
Batting: RHB Inocencio Guerrero
|
0-0: Called Strike 0-1: Ball 1-1: Called Strike 1-2: Fly out, F8 (Flyball, 89M, EV 90.0 MPH)
|
|
Batting: LHB Albert Ortiz
|
0-0: Fly out, F9 (Line Drive, 9, EV 100.6 MPH)
|
| Top of the 7th over - 0 runs, 0 hits, 0 errors, 0 left on base; Spartanburg 1 - Gastonia 1 |
| BOTTOM OF THE 7TH |
|
Gastonia Rockets batting - Pitching for Spartanburg Spartans : LHP Chuck Cary
|
|
Batting: RHB Mark Davidson
|
0-0: Called Strike 0-1: Foul Ball, location: 2F 0-2: Strikes out swinging
|
|
Batting: RHB Gary Skow
|
0-0: Ball 1-0: Foul Ball, location: 2F 1-1: Fly out, F8 (Line Drive, 8LD, EV 99.4 MPH)
|
|
Batting: LHB Dale Holman
|
0-0: Ball 1-0: Ball 2-0: Ball 3-0: Called Strike 3-1: Foul Ball, location: 2F 3-2: Foul Ball, location: 2F 3-2: Ground out U3 (Groundball, 3, EV 103.8 MPH)
|
| Bottom of the 7th over - 0 runs, 0 hits, 0 errors, 0 left on base; Spartanburg 1 - Gastonia 1 |
| TOP OF THE 8TH |
|
Spartanburg Spartans batting - Pitching for Gastonia Rockets : RHP Rod Boxberger
|
|
Batting: RHB Rigo Rodriguez
|
0-0: Ball 1-0: Called Strike 1-1: Ball 2-1: Ball 3-1: Foul Ball, location: 2F 3-2: Base on Balls
|
|
Batting: RHB Ron Dillard
|
0-0: Ball 1-0: Bunt missed! 1-1: Bunt missed! 1-2: Ball 2-2: Foul Ball, location: 2F 2-2: Ball 3-2: SINGLE (Line Drive, 89M, EV 103.1 MPH) Rigo Rodriguez to second Rigo Rodriguez to third
|
|
Batting: SHB Michael Vanderburg
|
0-0: Called Strike 0-1: Ball 1-1: Ball 2-1: Ball 3-1: Fly out, F9 (Flyball, 9, EV 98.1 MPH)
|
|
Batting: RHB Van Sowards
|
0-0: Ball 1-0: Ball 2-0: Ball 3-0: Called Strike 3-1: Called Strike 3-2: Base on Balls Ron Dillard to second
|
|
Batting: LHB John Hennell
|
0-0: Ball 1-0: Called Strike 1-1: Ball 2-1: Grounds into double play, 5-2-3 (Groundball, 5, EV 103.8 MPH)
|
| Top of the 8th over - 0 runs, 1 hit, 0 errors, 2 left on base; Spartanburg 1 - Gastonia 1 |
| BOTTOM OF THE 8TH |
|
Gastonia Rockets batting - Pitching for Spartanburg Spartans : LHP Chuck Cary
|
|
Batting: RHB Lance Viola
|
0-0: Ball 1-0: Called Strike 1-1: Ball 2-1: Ball 3-1: Swinging Strike 3-2: Base on Balls
|
|
Batting: RHB Jorge Monroig
|
0-0: Ball 1-0: Ball 2-0: Called Strike 2-1: Called Strike 2-2: Strikes out swinging
|
|
Batting: RHB Donald Murelli
|
0-0: Fly out, F7 (Flyball, 78D, EV 93.1 MPH)
|
|
Batting: RHB Jackie Wright
|
0-0: Fly out, F9 (Line Drive, 9, EV 87.5 MPH)
|
| Bottom of the 8th over - 0 runs, 0 hits, 0 errors, 1 left on base; Spartanburg 1 - Gastonia 1 |
| TOP OF THE 9TH |
|
Spartanburg Spartans batting - Pitching for Gastonia Rockets : RHP Rod Boxberger
|
|
Pitching: RHP Harvey Akers
|
|
|
Batting: RHB Gib Seibert
|
0-0: Foul Ball, location: 2F 0-1: Ball 1-1: Called Strike 1-2: Ball 2-2: Strikes out looking
|
|
Batting: RHB Dan Boever
|
0-0: Called Strike 0-1: Ground out 4-3 (Groundball, 4, EV 86.9 MPH)
|
|
Batting: RHB Inocencio Guerrero
|
0-0: Called Strike 0-1: Ball 1-1: Swinging Strike 1-2: Strikes out swinging
|
| Top of the 9th over - 0 runs, 0 hits, 0 errors, 0 left on base; Spartanburg 1 - Gastonia 1 |
| BOTTOM OF THE 9TH |
|
Gastonia Rockets batting - Pitching for Spartanburg Spartans : LHP Chuck Cary
|
|
Batting: RHB James Crawford
|
0-0: Ball 1-0: Called Strike 1-1: Swinging Strike 1-2: Ball 2-2: Foul Ball, location: 2F 2-2: Strikes out swinging
|
|
Batting: RHB john W Russell
|
0-0: Called Strike 0-1: Swinging Strike 0-2: Ball 1-2: Foul Ball, location: 2F 1-2: Ground out 3-1 (Groundball, 34, EV 96.9 MPH)
|
|
Batting: RHB Mark Davidson
|
0-0: Swinging Strike 0-1: Ball 1-1: Ball 2-1: Ball 3-1: Reached on error, E5 (Groundball, 5L, EV 84.4 MPH)
|
|
Batting: RHB Gary Skow
|
0-0: Ball 1-0: Ball 2-0: Called Strike 2-1: TRIPLE (Flyball, 89XD, EV 106.9 MPH) Mark Davidson scores
|
| Bottom of the 9th over - 1 run, 1 hit, 1 error, 0 left on base; Spartanburg 1 - Gastonia 2 |
|